 Dungeon Crawl Stone Soup version 0.28-a0-413-gde365fb1df (webtiles) character file.

Game seed: 5903237055103240410

2647 heikuro the Shield-Bearer (level 9, -7/71 HPs)
             Began as a Formicid Fighter on Sept 8, 2021.
             Was an Elder of Cheibriados.
             Mangled by an iguana (12 damage)
             ... on level 7 of the Dungeon.
             The game lasted 00:11:00 (7847 turns).

heikuro the Shield-Bearer (Formicid Fighter)        Turns: 7847, Time: 00:11:01

Health: -7/71      AC:  7    Str: 31    XL:     9   Next: 93%
Magic:  0/13       EV: 10    Int: 19    God:    Cheibriados [****..]
Gold:   307        SH:  7    Dex: 22    Spells: 8/8 levels left

rFire   . . .      SeeInvis +   b - +2 hand axe (vorpal)
rCold   + . .      Faith    .   c - +0 buckler
rNeg    . . .      Spirit   +   s - +0 ring mail {rC+}
rPois   .          Reflect  .   (helmet unavailable)
rElec   .          Harm     .   A - +0 cloak
rCorr   .          Rampage  .   (no gloves)
Will    .....                   (no boots)
Stlth   +.........              q - amulet of guardian spirit
HPRegen 0.21/turn               (no ring)
MPRegen 0.13/turn               (no ring)

@: very slow
A: permanent stasis, dig shafts and tunnels, antennae 3, four strong arms
a: Dig, Shaft Self, Renounce Religion, Bend Time, Temporal Distortion, Slouch


You were on level 7 of the Dungeon.
You worshipped Cheibriados.
Cheibriados was greatly pleased with you.
You visited 2 branches of the dungeon, and saw 8 of its levels.

You collected 307 gold pieces.

Inventory:

Hand Weapons
 a - the +10 flail of the Firefly {vorpal, rF+ rN+ Dex+4}
   (You found it on level 5 of the Dungeon)

   It inflicts extra damage upon your enemies.
   Dex:       It affects your dexterity (+4).
   rF:        It protects you from fire.
   rN:        It protects you from negative energy.
 b - a +2 vorpal hand axe (weapon)
 n - the +10 mace of Contention {freeze, rC- Str+4 Dex+4}
   (You found it on level 6 of the Dungeon)

   It freezes those it strikes, dealing additional cold damage.
   It can also slow down cold-blooded creatures.
   Str:       It affects your strength (+4).
   Dex:       It affects your dexterity (+4).
   rC:        It makes you vulnerable to cold.
 B - the +8 mace of the Original Sin {vorpal, rPois Will++}
   (You found it on level 6 of the Dungeon)

   It inflicts extra damage upon your enemies.
   rPois:     It protects you from poison.
   Will:      It greatly increases your willpower.
Missiles
 f - a throwing net
Armour
 c - a +0 buckler (worn)
 s - a +0 ring mail of cold resistance (worn)
 y - a +0 scale mail
 A - a +0 cloak (worn)
Jewellery
 l - an amulet of magic regeneration
 q - an amulet of guardian spirit (around neck)
Wands
 i - a wand of polymorph (5)
 r - a wand of digging (3)
Scrolls
 e - a scroll of amnesia {unknown}
 h - a scroll of noise {unknown}
 j - a scroll of holy word {unknown}
 t - a scroll of fog {unknown}
 u - a scroll of blinking {unknown}
 v - 2 scrolls of identify {unknown}
 w - a scroll of magic mapping {unknown}
 x - a scroll of enchant weapon {unknown}
 z - a scroll of vulnerability
Potions
 d - 2 potions of might
 g - a potion of attraction
 k - a potion of degeneration
 m - a potion of lignification {unknown}
 o - a potion of curing {unknown}
 p - a potion of flight
 C - a potion of haste {unknown}


   Skills:
 + Level 6.5 Fighting
 - Level 3.0 Long Blades
 - Level 4.4(5.6) Axes
 * Level 5.1(5.9) Maces & Flails
 + Level 6.6 Armour
 + Level 7.3 Shields
 + Level 5.8 Invocations


You had 8 spell levels left.
You didn't know any spells.
Your spell library contained the following spells:

 Spells                   Type           Power      Damage    Failure   Level
 Corpse Rot               Necr/Air       N/A        N/A       38%         2
 Poisonous Vapours        Pois/Air       0%         N/A       38%         2


Dungeon Overview and Level Annotations

Branches:
Dungeon (7/15)             Temple (1/1) D:4

Altars:
Ashenzari
Cheibriados
Dithmenos
Elyvilon
Fedhas
Gozag
Hepliaklqana
Makhleb
Qazlal
Sif Muna
Trog
Uskayaw
Wu Jian
Yredelemnul
Zin
The Shining One

Annotations:
D:4 3 runed translucent doors, Dittersdorf's ghost, weakling GrFi


Innate Abilities, Weirdness & Mutations

You cannot be hasted, slowed, berserked, paralysed or teleported.
You can dig through walls and to a lower floor.
You have a pair of large antennae on your head. (SInv)
Your four strong arms can wield two-handed weapons with a shield.


Message History

Unknown command.
You slash the orc!
You kill the orc!
Cheibriados thoroughly appreciates the change of pace.
Unknown command.
You closely miss the orc priest. The orc priest barely misses you.
Unknown command.
You hit the orc priest.
The orc priest is moderately wounded.
You block the orc priest's attack.
Unknown command.
You barely miss the orc priest.
The orc priest is moderately wounded.
The orc priest looks braver for a moment.
You slash the orc priest!
You kill the orc priest!
Cheibriados thoroughly appreciates the change of pace.
You hit the necrophage.
The necrophage is severely damaged.
You block the necrophage's attack.
You closely miss the necrophage.
The necrophage is severely damaged.
The necrophage closely misses you.
You barely miss the necrophage.
The necrophage is severely damaged.
The necrophage closely misses you.
You slash the necrophage!
You destroy the necrophage!
Cheibriados appreciates the change of pace.
You hit the iguana but do no damage. The iguana closely misses you.
Your ring mail prevents you from hitting the iguana.
You block the iguana's attack.
You slash the iguana!
The iguana is heavily wounded.
The iguana bites you!
* * * LOW HITPOINT WARNING * * *
You closely miss the iguana.
The iguana is heavily wounded.
The iguana bites you!
You die...

#.##...##...(#
#.##...#######
#.##...#
#.##...#
#.##...#
#.###### #.#
#.# #@#
#l#####
#.....#
#####)#
#))o.o...
###.)....
...... .....
.....


You could see an iguana.

Vanquished Creatures
  A gargoyle (D:7)
  A steam dragon (D:7)
  A water moccasin (D:7)
  An orc warrior (D:7)
  3 ice beasts
  A necrophage (D:7)
  3 ogres
  A centaur (D:6)
  A bullfrog (D:6)
  Blork the orc (D:6)
  2 scorpions (D:5)
  A water moccasin skeleton (D:4)
  3 howler monkeys
  3 hounds
  2 centaur zombies (D:5)
  2 orc priests
  Crazy Yiuf (D:6)
  A bullfrog skeleton (D:4)
  4 centaur skeletons
  9 orc wizards
  3 iguanas
  A howler monkey zombie (D:5)
  8 adders
  7 gnolls
  3 shadow imps
  2 ufetubi
  4 dart slugs
  13 orcs
  9 endoplasms
  3 giant cockroaches
  7 goblins
  9 hobgoblins
  2 jackals (D:2)
  5 kobolds
  4 quokkas
  7 ball pythons
  4 bats
  4 frilled lizards
  11 rats
148 creatures vanquished.

Vanquished Creatures (others)
  7 fungi (D:5)
  2 plants (D:4)
  5 toadstools (D:5)
14 creatures vanquished.

Grand Total: 162 creatures vanquished

Notes
Turn   | Place    | Note
-------+----------+-------------------------------------------
     0 | D:1      | heikuro the Formicid Fighter began the quest for the Orb.
     0 | D:1      | Reached XP level 1. HP: 18/18 MP: 1/1
   183 | D:1      | Reached XP level 2. HP: 16/24 MP: 2/2
   648 | D:1      | Reached XP level 3. HP: 27/29 MP: 3/3
   831 | D:1      | Reached skill level 4 in Shields
   968 | D:2      | Found a faded altar of an unknown god.
   975 | D:2      | Became a worshipper of Cheibriados the Contemplative
   975 | D:2      | Reached * piety under Cheibriados
  1258 | D:2      | Reached XP level 4. HP: 36/37 MP: 4/4
  1671 | D:2      | Reached ** piety under Cheibriados
  1710 | D:2      | Reached skill level 1 in Invocations
  1849 | D:2      | Reached XP level 5. HP: 42/42 MP: 5/5
  2060 | D:2      | Reached skill level 1 in Axes
  2739 | D:3      | Reached *** piety under Cheibriados
  3356 | D:4      | Reached XP level 6. HP: 39/48 MP: 5/7
  3769 | D:4      | Found a staircase to the Ecumenical Temple.
  3780 | Temple   | Entered the Ecumenical Temple
  3926 | D:4      | Found a runed translucent gate.
  3927 | D:4      | Found a runed translucent gate.
  4207 | D:4      | Found an opulent altar of Gozag.
  4207 | D:4      | Found a runed translucent gate.
  4207 | D:4      | Noticed Dittersdorf's ghost (weakling GrFi)
  4236 | D:4      | Reached XP level 7. HP: 53/55 MP: 6/8
  4239 | D:4      | Reached skill level 5 in Shields
  4707 | D:5      | Entered Level 5 of the Dungeon
  5415 | D:5      | Reached XP level 8. HP: 40/61 MP: 5/10
  5576 | D:5      | Reached skill level 5 in Fighting
  5576 | D:5      | Reached skill level 5 in Armour
  5736 | D:5      | HP: 3/62 [poisoned by a scorpion]
  6136 | D:5      | Identified the +10 flail of the Firefly {vorpal, rF+ rN+
                  | Dex+4}
  6256 | D:6      | Reached skill level 1 in Maces & Flails
  6301 | D:6      | Reached **** piety under Cheibriados
  6306 | D:6      | Reached skill level 6 in Shields
  6367 | D:6      | Found a glowing golden altar of the Shining One.
  6622 | D:6      | Reached XP level 9. HP: 45/69 MP: 8/12
  6802 | D:6      | Noticed Blork the orc
  6809 | D:6      | Killed Blork the orc
  6934 | D:6      | Identified the +10 mace of Contention {freeze, rC- Str+4
                  | Dex+4}
  6936 | D:6      | Found a runed translucent door.
  6937 | D:6      | Noticed Crazy Yiuf
  6942 | D:6      | Killed Crazy Yiuf
  6952 | D:6      | Identified the +8 mace of the Original Sin {vorpal, rPois
                  | Will++}
  7282 | D:7      | Reached skill level 5 in Invocations
  7312 | D:7      | Noticed a gargoyle
  7321 | D:7      | Killed a gargoyle
  7557 | D:7      | Found a broken altar of Ashenzari.
  7685 | D:7      | Reached ***** piety under Cheibriados
  7686 | D:7      | Reached skill level 7 in Shields
  7835 | D:7      | Reached skill level 5 in Maces & Flails
  7847 | D:7      | Mangled by an iguana

Illustrated notes

Levels and vault maps discovered:
D:1:      denvon_arrival_hothouse, layout_rooms, chequers_hall_statues_y,
          minmay_heptomino_w4
D:2:      layout_basic, dilly_ecumenical_altar_fadedgnrine, serial_glass,
          glass_columns_b, glass_columns_c, glass_columns_a, glass_columns_b,
          glass_columns_a, glass_columns_c, glass_columns_b, glass_columns_c,
          glass_columns_a, glass_columns_a, minmay_mini_jars
D:3:      layout_loops_ring, kennysheep_generic_room_12
D:4:      layout_layer_cave, minmay_temple_entry_slanted, serial_bayou,
          serial_bayou_lagoon_a, serial_bayou_pond_a, serial_bayou_pond_a,
          serial_bayou_pond_a, ebering_ghost_gozag, minmay_misc_feat_iff
D:5:      layout_cave_pools, minmay_gold_behind_fungi
D:6:      layout_gridville, mainiacjoe_overflow_chevrons,
          hangedman_decor_diamond_cutter, uniq_blork_the_orc,
          uniq_crazy_yiuf_cottage
D:7:      minmay_chambers_of_fours, layout_basic, ashenzari_conservatory_becter
Temple:   nicolae_temple_great_sept

Skill      XL: |  1  2  3  4  5  6  7  8  9 |
---------------+----------------------------+-----
Shields        | 4 5 6 7 |  7.3
Long Blades    | 3 |  3.0
Invocations    | 1 2 3 4 5 |  5.8
Axes           | 2 3 4 |  4.4
Armour         | 4 5 6 |  6.6
Fighting       | 4 5 6 |  6.5
Maces & Flails | 2 5 |  5.1

Action                   |  1- 3 |  4- 6 |  7- 9 || total
-------------------------+-------+-------+-------++-------
Melee: Long sword        |   116 |     4 |       ||   120
       Hand axe          |       |   135 |   114 ||   249
       Flail             |       |       |    34 ||    34
       Mace              |       |       |    48 ||    48
Invok: Temporal Distorti |       |       |     1 ||     1
       Slouch            |       |       |     1 ||     1
 Abil: Dig               |       |       |     2 ||     2
  Use: Potion            |       |       |     5 ||     5
       Scroll            |       |       |     2 ||     2
Armor: Scale mail        |    62 |    55 |    34 ||   151
       Ring mail         |       |       |    36 ||    36
Dodge: Dodged            |    47 |    65 |    85 ||   197
Block: Buckler           |    30 |    47 |    70 ||   147

Table legend: (Time is in decaauts)
 A = Elapsed time spent in this place.
 B = Non-inter-level travel time spent in this place.
 C = Inter-level travel time spent in this place.
 D = Time resting spent in this place.
 E = Time spent auto-exploring this place.
 F = Levels seen in this place.
 G = Mean time per level.
                   A        B        C        D        E       F      G
               +--------+--------+--------+--------+--------+-----+--------+
         Total |  10272 |  10043 |    229 |   1928 |   6605 |   8 | 1284.0 |
       Dungeon |  10142 |   9933 |    209 |   1928 |   6510 |   7 | 1448.9 |
        Temple |    130 |    111 |     19 |      0 |     94 |   1 |  130.0 |
               +--------+--------+--------+--------+--------+-----+--------+

Top non-repeatable levels by time:
     D:4: 2039 daAuts
     D:5: 1745 daAuts
     D:2: 1669 daAuts
     D:3: 1486 daAuts
     D:6: 1319 daAuts
     D:1: 941 daAuts
     D:7: 940 daAuts
  Temple: 130 daAuts
